 Dungeon Crawl Stone Soup version 0.30.0 (webtiles) character file.

Game seed: 8495607953805615060

2776 Ayyar the Fighter (level 9, -5/85 HPs)
             Began as a Minotaur Fighter on May 18, 2023.
             Was a Priest of Okawaru.
             Slain by Maurice
             ... wielding a +3 dagger of venom
              (6 damage)
             ... on level 8 of the Dungeon.
             The game lasted 00:19:39 (5631 turns).

Ayyar the Fighter (Minotaur Fighter)                Turns: 5631, Time: 00:19:40

Health: -5/85      AC:  9    Str: 26    XL:     9   Next: 42%
Magic:  8/8        EV:  9    Int:  5    God:    Okawaru [***...]
Gold:   215        SH:  5    Dex:  9    Spells: 8/8 levels left

rFire   + . .        a - +0 war axe
rCold   . . .        c - +0 buckler
rNeg    . . .        j - +2 scale mail {rF+}
rPois   .            (helmet restricted)
rElec   .            (no cloak)
rCorr   .            (no gloves)
SInv    .            (no boots)
Will    +....        t - amulet of regeneration Stlth
                     y - +4 ring of slaying
HPRegen 1.14/turn    K - ring of willpower
MPRegen 0.11/turn

%: no passive effects
@: lethally poisoned (-5 -> -12), studying Fighting
A: horns 2, retaliatory headbutt
a: Renounce Religion, Heroism


You were on level 8 of the Dungeon.
You worshipped Okawaru.
Okawaru was most pleased with you.
You visited 2 branches of the dungeon, and saw 9 of its levels.

You collected 215 gold pieces.

Inventory:

Hand Weapons
 a - a +0 war axe (weapon)
Missiles
 u - 4 boomerangs (quivered)
 x - 7 poisoned darts
 G - 2 datura-tipped darts
Armour
 c - a +0 buckler (worn)
 j - a +2 scale mail of fire resistance (worn)
Jewellery
 t - an amulet of regeneration (around neck)
 y - a +4 ring of slaying (left hand)
 K - a ring of willpower (right hand)
Wands
 E - a wand of roots (10)
 F - a wand of mindburst (15)
Scrolls
 e - 2 scrolls of enchant weapon {unknown}
 f - 2 scrolls of enchant armour {unknown}
 g - 6 scrolls of magic mapping {unknown}
 l - 4 scrolls of teleportation {unknown}
 o - 2 scrolls of immolation {unknown}
 p - 4 scrolls of identify {unknown}
 q - a scroll of acquirement {unknown}
 r - 2 scrolls of fear {unknown}
 v - a scroll of noise {unknown}
 w - a scroll of poison {unknown}
 I - a scroll of fog {unknown}
Potions
 d - a potion of might
 h - 2 potions of cancellation {unknown}
 i - a potion of haste
 m - 4 potions of heal wounds
 n - 5 potions of curing {unknown}
 s - a potion of attraction {unknown}
 z - a potion of resistance
 A - 2 potions of magic {unknown}
 B - a potion of mutation {unknown}
 C - a potion of degeneration {unknown}
 D - a potion of ambrosia {unknown}
 J - 2 potions of berserk rage {unknown}


   Skills:
 * Level 10.0 Fighting
 * Level 7.6(7.9) Axes
 - Level 3.2(5.8) Maces & Flails
 + Level 4.2 Throwing
 + Level 6.9 Armour
 + Level 6.8 Shields
 + Level 3.8 Evocations


You had 8 spell levels left.
You didn't know any spells.
Your spell library contained the following spells:

 Spells                   Type           Power      Damage    Failure   Level
 Sting                    Tmut/Pois      0%         1d3       78%         1
 Poisonous Vapours        Pois/Air       0%         N/A       89%         2
 Ozocubu's Armour         Ice            0%         N/A       98%         3
 Olgreb's Toxic Radiance  Pois           0%         N/A       100%        4
 Iskenderun's Battlesphe  Conj           0%         2d6       100%        5
 Iron Shot                Conj/Erth      0%         9d1       100%        6
 Ozocubu's Refrigeration  Ice            0%         4d7       100%        7
 Storm Form               Tmut/Air       0%         N/A       100%        7
 Discord                  Hex            0%         N/A       100%        8
 Ignition                 Fire           0%         3d3       100%        8
 Maxwell's Capacitive Co  Air            0%         ∞         100%        8
 Summon Lightning Spire   Summ/Air       Unusable   N/A       N/A         4
 Spellforged Servitor     Conj/Summ      Unusable   N/A       N/A         7

Dungeon Overview and Level Annotations

Branches:
Dungeon (8/15)             Temple (1/1) D:4            Lair (0/5) D:8

Altars:
Elyvilon
Gozag
Hepliaklqana
Kikubaaqudgha
Makhleb
Okawaru
Qazlal
Ru
Sif Muna
Trog
Uskayaw
Vehumet
Wu Jian
Xom
Yredelemnul
Zin
The Shining One

Shops:
D:1 !

Annotations:
D:8 exclusion: 2 doors, Maurice


Innate Abilities, Weirdness & Mutations

You have a pair of horns on your head.
You reflexively headbutt those who attack you in melee.


Message History

Something blocks your attack.
You hit the centaur.
You feel very sick.
The centaur hits you but does no damage.
The centaur barely misses you. You block something's attack.
Something blocks your attack.
You slash the centaur!
You feel very sick. The centaur hits you. The centaur completely misses you.
You block the centaur's attack.
The centaur kicks you but does no damage.
You hear a zap.
A bolt of dispelling energy appears from out of thin air!
The bolt of dispelling energy hits you!
* * * LOW HITPOINT WARNING * * *
It was a potion of heal wounds.
You feel much better.
You feel very sick.
The centaur hits you but does no damage.
The centaur kicks you but does no damage.
You hear a zap.
A bolt of dispelling energy appears from out of thin air!
The bolt of dispelling energy hits you!
* * * LOW HITPOINT WARNING * * *
You block the centaur's attack. The centaur closely misses you.
The centaur attacks as you move away! The centaur hits you.
* * * LOW HITPOINT WARNING * * *
The centaur barely misses you.
You feel sick.
The centaur wields a +0 shortbow.
The centaur shoots an arrow.
The arrow hits you but does no damage. Something hits you.
* * * LOW HITPOINT WARNING * * *
Something steals 211 gold pieces!
You now have 215 gold pieces.
You are lethally poisoned!
* * * LOW HITPOINT WARNING * * *
You feel very sick.
The centaur shoots an arrow.
The arrow hits the centaur!
The centaur dies!
An orc comes into view. It is wielding a +0 club.
There is a stone staircase leading up here.
* * * LOW HITPOINT WARNING * * *
You feel very sick. Something hits you.
You die...

##...†........#.##.#.
####....=..........##...
#...............#.##....
#)##............#...#.#.
..........###.....).#.#.
#.####...## #.......).#.
# ##.## #.#.####)... #.#
..#.# ##)## #@# #.## #.#
#.# #o# #.#
......)#....... #.#
####.## ###.### #.# #
#.## #..# ##.# #.#


You could see an orc.

Vanquished Creatures
  Joseph (D:7)
  Grinder (D:3)
  A steam dragon (D:7)
  Eustachio (D:4)
  A water moccasin (D:5)
  An orc warrior (D:7)
  4 ice beasts
  A sky beast (D:8)
  2 black bears
  2 phantoms (D:6)
  A centaur (D:5)
  3 scorpions
  A quasit (D:4)
  2 jellies (D:5)
  A hound (D:5)
  3 orc priests
  3 sleepcaps (D:7)
  An iguana (D:5)
  6 orc wizards
  3 gnolls (D:4)
  5 shadow imps (D:4)
  2 white imps
  3 ufetubi
  A worm (D:3)
  2 dart slugs
  29 orcs
  6 ball pythons
  6 bats
  10 endoplasms
  3 giant cockroaches
  7 goblins
  8 hobgoblins
  2 quokkas
  7 frilled lizards
  8 kobolds
  3 rats
141 creatures vanquished.

Vanquished Creatures (others)
  A centaur (D:8)
  An orc wizard (D:4)
  5 demonic plants (D:4)
  A plant (D:5)
8 creatures vanquished.

Grand Total: 149 creatures vanquished

Notes
Turn   | Place    | Note
-------+----------+-------------------------------------------
     0 | D:1      | Ayyar the Minotaur Fighter began the quest for the Orb.
     0 | D:1      | Reached XP level 1. HP: 19/19 MP: 0/0
    78 | D:1      | Found Yngiafee's Distillery.
    88 | D:1      | Reached XP level 2. HP: 27/27 MP: 1/1
   506 | D:1      | Reached skill level 4 in Fighting
   609 | D:1      | Reached XP level 3. HP: 33/33 MP: 2/2
   708 | D:2      | Found a faded altar of an unknown god.
  1393 | D:3      | Reached XP level 4. HP: 40/40 MP: 3/3
  1397 | D:3      | Reached skill level 1 in Maces & Flails
  1493 | D:3      | Noticed Grinder
  1546 | D:3      | Paralysed by Grinder for 5 turns
  1568 | D:3      | Paralysed by Grinder for 3 turns
  1578 | D:3      | Killed Grinder
  1579 | D:3      | Reached skill level 1 in Throwing
  1579 | D:3      | Reached skill level 1 in Evocations
  1579 | D:3      | Reached XP level 5. HP: 15/47 MP: 4/4
  1579 | D:3      | Reached XP level 6. HP: 17/55 MP: 5/5
  1593 | D:3      | Found a burning altar of Makhleb.
  2115 | D:4      | Reached skill level 5 in Fighting
  2115 | D:4      | Reached skill level 5 in Armour
  2133 | D:4      | Reached skill level 5 in Shields
  2210 | D:3      | Reached XP level 7. HP: 58/61 MP: 6/6
  2471 | D:4      | Noticed Eustachio
  2498 | D:4      | Killed Eustachio
  2704 | D:4      | Found a staircase to the Ecumenical Temple.
  2751 | Temple   | Entered the Ecumenical Temple
  2780 | Temple   | Became a worshipper of Warmaster Okawaru
  3059 | D:5      | Entered Level 5 of the Dungeon
  3130 | D:5      | Reached skill level 6 in Fighting
  3130 | D:5      | Reached skill level 5 in Axes
  3245 | D:5      | Reached XP level 8. HP: 60/71 MP: 7/7
  3312 | D:5      | Reached * piety under Okawaru
  3451 | D:5      | Reached skill level 7 in Fighting
  3525 | D:5      | Found a shimmering altar of Xom.
  3557 | D:5      | Found a glowing golden altar of the Shining One.
  4017 | D:6      | Identified the +1 leather armour "Xehyihem" {-Tele Will+
                  | Str+3}
  4504 | D:6      | Reached skill level 8 in Fighting
  4749 | D:7      | Reached ** piety under Okawaru
  4872 | D:7      | Noticed Joseph
  4888 | D:7      | Killed Joseph
  4889 | D:7      | Reached skill level 9 in Fighting
  4889 | D:7      | Reached XP level 9. HP: 30/83 MP: 8/8
  5161 | D:7      | Reached *** piety under Okawaru
  5401 | D:8      | Noticed a rime drake
  5401 | D:8      | Noticed a rime drake
  5401 | D:8      | Noticed a rime drake
  5405 | D:8      | Noticed a rime drake
  5486 | D:8      | Found a staircase to the Lair.
  5602 | D:8      | Reached skill level 10 in Fighting
  5615 | D:8      | Noticed Maurice
  5631 | D:8      | HP: 1/85 [poisoned by Maurice]
  5631 | D:8      | Slain by Maurice

Illustrated notes

Levels and vault maps discovered:
D:1:      wander_arrival_fairy_ring, layout_basic, serial_shops, shop
D:2:      layout_basic, ebering_ecumenical_altar_sacrificial
D:3:      layout_loops_ring, bloody_makhleb, serial_bayou, serial_bayou_pond_b,
          serial_bayou_lagoon_b, serial_bayou_shore_b, serial_bayou_pond_d,
          uniq_grinder
D:4:      layout_basic, minmay_temple_entry_drinking_statues, serial_demonic,
          serial_demonic_e, serial_demonic_a, serial_demonic_e,
          serial_demonic_a, serial_demonic_b, serial_demonic_b,
          serial_demonic_g, serial_demonic_g, minmay_manual_maat, uniq_eustachio
D:5:      layout_basic, dk_xom_monty_hall, nicolae_tso_carved_into_rock,
          minmay_misc_feat_nine_boxes, grunt_decor_cap, serial_bayou_pond_d,
          minivault_27
D:6:      layout_loops_ring
D:7:      layout_loops_cross, uniq_joseph
D:8:      layout_loops_ring, lair_entry_dummy, serial_glass, glass_columns_b,
          glass_columns_c, glass_columns_a, glass_columns_a, glass_columns_a,
          glass_columns_c, glass_columns_b, glass_columns_a, glass_columns_b,
          glass_columns_a, glass_columns_b, glass_columns_b, glass_columns_b,
          glass_columns_a, hellmonk_guarded_unrand_zhor, uniq_maurice
Temple:   nicolae_temple_two_arcs

Skill      XL: |  1  2  3  4  5  6  7  8  9 |
---------------+----------------------------+-----
Armour         | 4 5 6 |  6.9
Fighting       | 4 5 6 9 10 | 10.0
Shields        | 4 5 6 |  6.8
Axes           | 3 4 5 7 |  7.6
Maces & Flails | 2 3 |  3.2
Throwing       | 1 2 3 4 |  4.2
Evocations     | 1 2 3 |  3.8

Action                     |  1- 3 |  4- 6 |  7- 9 || total
---------------------------+-------+-------+-------++-------
  Melee: War axe           |    91 |    67 |   195 ||   353
         Headbutt          |    11 |    11 |    31 ||    53
         Unarmed           |       |     4 |       ||     4
  Throw: Dart              |    15 |    24 |     7 ||    46
         Boomerang         |       |       |    14 ||    14
    Use: Potion            |       |     1 |     1 ||     2
 Armour: Scale mail        |    43 |    20 |   100 ||   163
         Skin              |       |     3 |       ||     3
  Dodge: Dodged            |    38 |    26 |    80 ||   144
  Block: Buckler           |    25 |    20 |    43 ||    88
         Reflection        |     1 |       |       ||     1
         Other             |       |     1 |       ||     1
